 Dungeon Crawl Stone Soup version 0.27-a0-1334-g2746e35aca (webtiles) character file.

Game seed: 10476344100574737890

1978 hatdisgam the Covert (level 9, -1/73 HPs)
             Began as a Gnoll Delver on June 26, 2021.
             Was a Believer of Makhleb.
             Splashed by a centaur's acid (9 damage)
             ... on level 7 of the Dungeon.
             The game lasted 00:09:26 (7038 turns).

hatdisgam the Covert (Gnoll Delver)                 Turns: 7038, Time: 00:09:26

Health: -1/73      AC:  0    Str: 12    XL:     9   Next: 20%
Magic:  15/15      EV: 14    Int: 12    God:    Makhleb [**....]
Gold:   106        SH:  0    Dex: 14    Spells: 16/16 levels left

rFire    . . .     SeeInvis .   l - +0 short sword (elec)
rCold    . . .     Faith    .   (no shield)
rNeg     . . .     Spirit   .   b - +0 leather armour
rPois    +         Reflect  .   (no helmet)
rElec    .         Harm     .   A - scarf {repulsion}
rCorr    .         Rampage  .   o - +0 pair of gloves
Will     .....                  (no boots)
Stlth    ++++......             (no amulet)
HPRegen  0.22/turn              e - ring of poison resistance
MPRegen  0.14/turn              x - +4 ring of protection

@: corroded, repel missiles
A: fangs 1, strong nose, distributed training
a: Renounce Religion, Minor Destruction


You were on level 7 of the Dungeon.
You worshipped Makhleb.
Makhleb was pleased with you.
You visited 2 branches of the dungeon, and saw 9 of its levels.

You collected 346 gold pieces.
You spent 240 gold pieces at shops.

Inventory:

Hand Weapons
 a - a +0 falchion
 i - a +4 flail
 l - a +0 short sword of electrocution (weapon)
Missiles
 f - 4 throwing nets (quivered)
 m - 6 atropa-tipped darts
Armour
 b - a +0 leather armour (worn)
 o - a +0 pair of gloves (worn)
 A - a scarf of repulsion (worn)
Jewellery
 e - a ring of poison resistance (left hand)
 s - a ring of fire
 w - a ring of willpower
 x - a +4 ring of protection (right hand)
 y - a +6 ring of strength
 z - a +6 ring of dexterity
Wands
 g - a wand of digging (3)
Scrolls
 c - 2 scrolls of fog
 d - a scroll of magic mapping
 h - 4 scrolls of identify {unknown}
 j - 2 scrolls of amnesia {unknown}
 k - a scroll of summoning {unknown}
 n - a scroll of enchant armour {unknown}
 p - 7 scrolls of teleportation {unknown}
 r - 2 scrolls of enchant weapon {unknown}
 v - 3 scrolls of blinking {unknown}
 B - a scroll of noise {unknown}
 C - a scroll of immolation {unknown}
 D - a scroll of silence {unknown}
Potions
 q - a potion of attraction {unknown}
 t - 2 potions of might {unknown}
 u - 2 potions of heal wounds {unknown}
 E - a potion of haste


   Skills:
 + Level 7.7 Fighting
 + Level 4.0 Short Blades
 + Level 6.1 Long Blades
 + Level 4.0 Axes
 + Level 4.0 Maces & Flails
 + Level 4.0 Polearms
 + Level 4.0 Staves
 + Level 4.0 Slings
 + Level 4.0 Bows
 + Level 4.0 Crossbows
 + Level 4.0 Throwing
 + Level 4.0 Armour
 + Level 6.1 Dodging
 + Level 10.3 Stealth
 + Level 4.0 Shields
 + Level 4.0 Unarmed Combat
 + Level 4.0 Spellcasting
 + Level 3.3 Conjurations
 + Level 3.3 Hexes
 + Level 3.3 Summonings
 + Level 3.3 Necromancy
 + Level 3.3 Translocations
 + Level 3.3 Transmutations
 + Level 3.3 Fire Magic
 + Level 3.3 Ice Magic
 + Level 3.3 Air Magic
 + Level 3.3 Earth Magic
 + Level 3.3 Poison Magic
 + Level 4.4 Invocations
 + Level 4.0 Evocations


You had 16 spell levels left.
You didn't know any spells.
Your spell library contained the following spells:

 Spells                   Type           Power      Damage    Failure   Level
 Summon Small Mammal      Summ           40%        N/A       8%          1
 Call Imp                 Summ           10%        N/A       11%         2
 Call Canine Familiar     Summ           10%        N/A       22%         3
 Summon Guardian Golem    Hex/Summ       10%        N/A       22%         3
 Summon Ice Beast         Ice/Summ       10%        N/A       58%         4
 Summon Lightning Spire   Summ/Air       10%        N/A       58%         4


Dungeon Overview and Level Annotations

Branches:
Dungeon (8/15)             Temple (1/1) D:4
   Lair: D:8-11

Altars:
Ashenzari
Cheibriados
Dithmenos
Elyvilon
Fedhas
Gozag
Kikubaaqudgha
Makhleb
Nemelex Xobeh
Okawaru
Qazlal
Ru
Uskayaw
Wu Jian
Xom
Yredelemnul
Zin
The Shining One

Shops:
D:7 *


Innate Abilities, Weirdness & Mutations

You have very sharp teeth.
Your uncanny sense of smell can sniff out nearby items.
Your experience applies equally to all skills.


Message History

Unknown command.
You hit the kobold brigand.
The kobold brigand is almost dead.
The kobold brigand misses you. The kobold completely misses you.
Unknown command.
You barely miss the kobold brigand.
The kobold brigand is almost dead.
The kobold brigand barely misses you. The orc misses you.
You hit the kobold brigand but do no damage.
Lightning courses through the kobold brigand!
You kill the kobold brigand!
Makhleb accepts your kill.
You feel better. The kobold hits you but does no damage. The orc misses you.
The orc barely misses you. The kobold barely misses you.
Unknown command.
Unknown command.
You hit the centaur but do no damage.
The centaur unwields a +0 shortbow.
The centaur wields a +0 rapier.
The centaur misses you. x2
The kobold hits you with a +0 dagger. The orc misses you.
The orc completely misses you. The kobold barely misses you.
The orc priest looks encouraged for a moment.
The centaur zaps a wand.
The bolt of acid misses you.
Unknown command.
You barely miss the centaur. The kobold hits you but does no damage.
The orc barely misses you.
The centaur zaps a wand.
The bolt of acid misses you. The orc hits you but does no damage.
The kobold closely misses you.
Unknown command.
You hit the centaur but do no damage. The centaur closely misses you.
The centaur kicks you. The kobold hits you but does no damage.
The orc misses you. The orc hits you with a +0 short sword.
The kobold barely misses you.
Unknown command.
You hit the centaur but do no damage. The centaur hits you with a +0 rapier!
The centaur barely misses you. The kobold hits you with a +0 dagger.
The orc barely misses you. The orc hits you with a +0 short sword.
The centaur zaps a wand.
The bolt of acid hits you!
* * * LOW HITPOINT WARNING * * *
The acid corrodes you!
You are splashed with acid!
You die...

#...##.............
#.#....############
##.####.# ... #...#
#### ### _ ###'###
_# #..##.....##..#
#'.......'#
#....♣K...#
#...♣.K@♣...#
#.....cooo..#
.'..♣..♣K.♣..'._
.#...........#.#
#...♣...♣)o.# #
##....♣....# #'
......'# . .....##.


You could see a centaur, an orc priest, 3 orcs and 3 kobolds.

Vanquished Creatures
  A steam dragon (D:7)
  2 water moccasins (D:7)
  A sky beast (D:5)
  An ice beast (D:6)
  4 ogres
  A phantom (D:7)
  A kobold brigand (D:7)
  A wyvern zombie (D:7)
  2 bullfrogs (D:7)
  2 scorpions
  2 water moccasin skeletons
  3 centaur zombies
  A jelly (D:6)
  2 hounds (D:5)
  A gnoll shaman (D:6)
  2 orc priests (D:4)
  4 iguanas
  An orc wizard (D:5)
  7 adders
  8 gnolls
  4 worms
  3 dart slugs
  6 orcs
  8 ball pythons
  7 endoplasms
  5 giant cockroaches
  5 goblins
  3 hobgoblins
  6 quokkas
  4 bats
  2 frilled lizards
  2 kobolds
  3 rats
105 creatures vanquished.

Vanquished Creatures (others)
  A kobold (D:7)
1 creature vanquished.

Grand Total: 106 creatures vanquished

Notes
Turn   | Place    | Note
-------+----------+-------------------------------------------
     0 | D:5      | Reached skill level 9 in Stealth
     0 | D:5      | hatdisgam the Gnoll Delver began the quest for the Orb.
     0 | D:5      | Reached XP level 1. HP: 23/23 MP: 1/1
    19 | D:5      | Noticed an orc wizard
    23 | D:4      | Noticed a jelly
    38 | D:4      | Found a staircase to the Ecumenical Temple.
    44 | Temple   | Entered the Ecumenical Temple
   160 | Temple   | Became a worshipper of Makhleb the Destroyer
   758 | D:2      | Reached XP level 2. HP: 19/29 MP: 2/2
   997 | D:2      | You fall into a shaft and drop 1 floor!
  1011 | D:3      | Reached XP level 3. HP: 33/35 MP: 3/3
  1510 | D:1      | Reached skill level 1 in Invocations
  1969 | D:1      | Reached skill level 1 in Short Blades
  1969 | D:1      | Reached skill level 1 in Axes
  1969 | D:1      | Reached skill level 1 in Maces & Flails
  1969 | D:1      | Reached skill level 1 in Polearms
  1969 | D:1      | Reached skill level 1 in Staves
  1969 | D:1      | Reached skill level 1 in Slings
  1969 | D:1      | Reached skill level 1 in Bows
  1969 | D:1      | Reached skill level 1 in Crossbows
  1969 | D:1      | Reached skill level 1 in Throwing
  1969 | D:1      | Reached skill level 1 in Armour
  1969 | D:1      | Reached skill level 1 in Shields
  1969 | D:1      | Reached skill level 1 in Unarmed Combat
  1969 | D:1      | Reached skill level 1 in Spellcasting
  1969 | D:1      | Reached skill level 1 in Evocations
  2061 | D:1      | Reached * piety under Makhleb
  2227 | D:2      | Reached XP level 4. HP: 38/41 MP: 5/5
  3121 | D:4      | Found a sacrificial altar of Ru.
  3270 | D:4      | Reached skill level 1 in Conjurations
  3270 | D:4      | Reached skill level 1 in Hexes
  3270 | D:4      | Reached skill level 1 in Summonings
  3270 | D:4      | Reached skill level 1 in Necromancy
  3270 | D:4      | Reached skill level 1 in Translocations
  3270 | D:4      | Reached skill level 1 in Transmutations
  3270 | D:4      | Reached skill level 1 in Fire Magic
  3270 | D:4      | Reached skill level 1 in Ice Magic
  3270 | D:4      | Reached skill level 1 in Air Magic
  3270 | D:4      | Reached skill level 1 in Earth Magic
  3270 | D:4      | Reached skill level 1 in Poison Magic
  3482 | D:4      | Reached XP level 5. HP: 23/47 MP: 5/7
  3851 | D:4      | HP: 3/70 [orc priest/divine providence (8)]
  4249 | D:4      | Reached XP level 6. HP: 53/53 MP: 8/8
  4430 | D:4      | Reached skill level 5 in Long Blades
  4430 | D:4      | Reached skill level 5 in Dodging
  4730 | D:5      | Noticed a sky beast
  4732 | D:5      | Killed a sky beast
  4733 | D:5      | Reached XP level 7. HP: 60/60 MP: 10/10
  4960 | D:5      | Reached ** piety under Makhleb
  5504 | D:6      | Reached skill level 10 in Stealth
  5514 | D:6      | Reached XP level 8. HP: 67/67 MP: 12/12
  6223 | D:7      | Found Dagefurph's Serpentskin Sales.
  6457 | D:7      | Bought a ring of poison resistance for 240 gold pieces
  6577 | D:7      | Reached XP level 9. HP: 72/72 MP: 14/14
  6598 | D:7      | Found a broken altar of Ashenzari.
  7025 | D:7      | Found a snail-covered altar of Cheibriados.
  7026 | D:7      | Found a glowing golden altar of the Shining One.
  7026 | D:7      | Found an ornate altar of the Wu Jian Council.
  7038 | D:7      | Splashed by a centaur's acid

Illustrated notes

Levels and vault maps discovered:
D:1:      lemuel_arrival_funnel, layout_loops_corners, feat_on_display
D:2:      layout_basic, grunt_decor_cap, uniq_jessica
D:3:      layout_loops_cross, chequers_serial_rivers_micro_c,
          minmay_misc_feat_ornament
D:4:      layout_loops_ring, kennysheep_little_box, minmay_temple_entry_tees
D:5:      layout_loops_cross
D:6:      layout_basic
D:7:      layout_basic, nicolae_ashenzari_skybound,
          grunt_temple_overflow_octagram, guppyfry_shop_venom
D:8:      layout_loops_cross, lair_entry_dummy
Temple:   nicolae_temple_god_jail

Skill      XL: |  1  2  3  4  5  6  7  8  9 |
---------------+----------------------------+-----
Stealth        | 10 | 10.3
Invocations    | 1 2 3 4 |  4.4
Short Blades   | 1 2 3 4 |  4.0
Axes           | 1 2 3 4 |  4.0
Maces & Flails | 1 2 3 4 |  4.0
Polearms       | 1 2 3 4 |  4.0
Staves         | 1 2 3 4 |  4.0
Slings         | 1 2 3 4 |  4.0
Bows           | 1 2 3 4 |  4.0
Crossbows      | 1 2 3 4 |  4.0
Throwing       | 1 2 3 4 |  4.0
Armour         | 1 2 3 4 |  4.0
Shields        | 1 2 3 4 |  4.0
Unarmed Combat | 1 2 3 4 |  4.0
Spellcasting   | 1 2 3 4 |  4.0
Evocations     | 1 2 3 4 |  4.0
Conjurations   | 1 2 3 |  3.3
Hexes          | 1 2 3 |  3.3
Summonings     | 1 2 3 |  3.3
Necromancy     | 1 2 3 |  3.3
Translocations | 1 2 3 |  3.3
Transmutations | 1 2 3 |  3.3
Fire Magic     | 1 2 3 |  3.3
Ice Magic      | 1 2 3 |  3.3
Air Magic      | 1 2 3 |  3.3
Earth Magic    | 1 2 3 |  3.3
Poison Magic   | 1 2 3 |  3.3
Long Blades    | 5 6 |  6.1
Dodging        | 5 6 |  6.1
Fighting       | 7 |  7.7

Action                   |  1- 3 |  4- 6 |  7- 9 || total
-------------------------+-------+-------+-------++-------
Melee: Falchion          |    73 |    85 |       ||   158
       Bite              |     6 |    13 |    20 ||    39
       Short sword       |       |    37 |   146 ||   183
       Punch             |       |       |     1 ||     1
  Use: Potion            |     1 |     2 |     3 ||     6
       Scroll            |       |       |     2 ||     2
 Stab: Sleeping          |    14 |    17 |     9 ||    40
       Invisible         |       |     2 |       ||     2
       Distracted        |       |     1 |       ||     1
Armor: Leather armour    |    19 |    22 |    64 ||   105
Dodge: Dodged            |    45 |    55 |   140 ||   240
       Repelled          |       |       |     1 ||     1
       Rpst.: Falchion   |    19 |     8 |       ||    27

Table legend: (Time is in decaauts)
 A = Elapsed time spent in this place.
 B = Non-inter-level travel time spent in this place.
 C = Inter-level travel time spent in this place.
 D = Time resting spent in this place.
 E = Time spent auto-exploring this place.
 F = Levels seen in this place.
 G = Mean time per level.
                   A        B        C        D        E       F      G
               +--------+--------+--------+--------+--------+-----+--------+
         Total |   7023 |   6697 |    326 |    555 |   5058 |   9 |  780.3 |
       Dungeon |   6889 |   6579 |    310 |    555 |   5001 |   8 |  861.1 |
        Temple |    133 |    117 |     16 |      0 |     57 |   1 |  133.0 |
               +--------+--------+--------+--------+--------+-----+--------+

Top non-repeatable levels by time:
     D:4: 1524 daAuts
     D:2: 1064 daAuts
     D:1: 1034 daAuts
     D:7: 943 daAuts
     D:6: 793 daAuts
     D:5: 789 daAuts
     D:3: 732 daAuts
  Temple: 133 daAuts
     D:8: 7 daAuts
